 Dungeon Crawl Stone Soup version 0.26-a0-849-gf1512cd430 (webtiles) character file.

Game seed: 326378629957123401

56 Morbidden the Stinger (level 3, 0/30 HPs)
             Began as a Naga Venom Mage on Nov 20, 2020.
             Slain by a white imp (4 damage)
             ... on level 2 of the Dungeon.
             The game lasted 00:02:18 (1260 turns).

Morbidden the Stinger (Naga Venom Mage)             Turns: 1260, Time: 00:02:19

Health: 0/30       AC:  2    Str: 10    XL:     3   Next: 97%
Magic:  5/7        EV: 10    Int: 16    God:
Gold:   120        SH:  0    Dex: 11    Spells: 4/7 levels left

rFire    . . .     SeeInvis +   (no weapon)
rCold    . . .     Faith    .   (no shield)
rNeg     . . .     Spirit   .   a - +0 robe
rPois    +         Reflect  .   (no helmet)
rElec    .         Harm     .   (no cloak)
rCorr    +         Rampage  .   (no gloves)
MR       .....                  (no barding)
Stlth    ..........             (no amulet)
HPRegen  0.10/turn              e - ring of resist corrosion
MPRegen  0.10/turn              i - ring of attention (curse)

@: confused, short of breath, very slow
A: large, see invisible, deformed body, poison resistance, slowness 2, spit
poison 1, AC +1
a: Spit Poison


You were on level 2 of the Dungeon.
You visited 1 branch of the dungeon, and saw 2 of its levels.

You collected 120 gold pieces.

Inventory:

Armour
 a - a +0 robe (worn)
Jewellery
 e - a ring of resist corrosion (left hand)
 i - a cursed ring of attention (right hand)
 k - an uncursed ring of ice {unknown}
Scrolls
 b - a scroll of enchant armour {unknown}
 d - a scroll of identify {unknown}
 g - a scroll of fog {unknown}
 h - a scroll of teleportation {unknown}
 j - a scroll of remove curse {unknown}
Potions
 f - a potion of magic {unknown}


   Skills:
 * Level 0.7 Fighting
 + Level 1.7 Dodging
 + Level 3.2 Stealth
 * Level 2.8 Spellcasting
 + Level 2.0 Transmutations
 + Level 4.4 Poison Magic


You had 4 spell levels left.
You knew the following spells:

 Your Spells              Type           Power        Failure   Level
a - Sting                 Tmut/Pois      ##..         4%          1
b - Poisonous Vapours     Pois/Air       #.....       12%         2

Your spell library contained the following spells:

 Spells                   Type           Power        Failure   Level
 Ignite Poison            Fire/Tmut/Pois #.......     24%         3
 Mephitic Cloud           Conj/Pois/Air  #.......     30%         3
 Olgreb's Toxic Radiance  Pois           ###.....     30%         4


Dungeon Overview and Level Annotations

Branches:
Dungeon (2/15)

Altars:


Innate Abilities, Weirdness & Mutations

You cannot wear boots.
Your serpentine skin is tough. (AC +1)
You have supernaturally acute eyesight. (SInv)
Armour fits poorly on your strangely shaped body.
Your system is resistant to poisons. (rPois)
You cover ground very slowly.
You can spit poison.


Message History

The sting hits the white imp.
The white imp partially resists.
The white imp is moderately wounded.
The white imp gestures at you. The puff of frost hits you!
* * * LOW HITPOINT WARNING * * *
Unknown command.
Unknown command.
Press: ? - help, Shift-Dir - straight line, f/p - white imp
Aim: a white imp (moderately wounded, poisoned)
The splash of poison misses the white imp.
The white imp misses you.
Unknown command.
Unknown command.
Unknown command.
It was a potion of ambrosia.
You are confused.
You feel invigorated. The white imp hits you.
* * * LOW HITPOINT WARNING * * *
The white imp freezes you.
You die...

#.# ##..# #..
##...# ##
##.#..# ##.#
##.#.#.#
#.#.#
##.#.##.#
#.#.#
##.#.##..#
#.#.# ##.#.##
.## #.#5##
##.#.## #
#.#@##
##†#.##
##.#.###.#.##
##.#.#.#.##
##.#.#.##
##.#.## ##.##
###


You could see a white imp (poisoned).

Vanquished Creatures
  A gnoll (D:2)
  2 adders (D:2)
  An ooze (D:1)
  A leopard gecko (D:2)
  4 goblins
  4 hobgoblins
  2 bats
  4 frilled lizards
  2 kobolds
  5 rats
26 creatures vanquished.

Notes
Turn   | Place    | Note
-------+----------+-------------------------------------------
     0 | D:1      | Morbidden the Naga Venom Mage began the quest for the Orb.
     0 | D:1      | Reached XP level 1. HP: 15/15 MP: 3/3
   316 | D:1      | Reached XP level 2. HP: 19/22 MP: 1/5
   975 | D:2      | Reached XP level 3. HP: 29/30 MP: 0/6
  1187 | D:2      | Learned a level 2 spell: Poisonous Vapours
  1260 | D:2      | Slain by a white imp

Illustrated notes

Levels and vault maps discovered:
D:1:      kennysheep_arrival_forest, layout_loops_ring, minmay_tetromino_l2
D:2:      minmay_inner_zag, layout_basic, lemuel_doored_altar

Skill      XL: |  1  2  3 |
---------------+----------+-----
Transmutations | 2 |  2.0
Fighting       | |  0.7
Dodging        | |  1.7
Stealth        | |  3.2
Spellcasting   | |  2.8
Poison Magic   | |  4.4

Action                   || total
-------------------------++-------
Melee: Unarmed           ||    10
 Cast: Sting             ||    35
       Poisonous Vapours ||     1
 Abil: Spit Poison       ||    11
  Use: Potion            ||     1
Armor: Robe              ||     3
Dodge: Dodged            ||    14

Table legend: (Time is in decaauts)
 A = Elapsed time spent in this place.
 B = Non-inter-level travel time spent in this place.
 C = Inter-level travel time spent in this place.
 D = Time resting spent in this place.
 E = Time spent auto-exploring this place.
 F = Levels seen in this place.
 G = Mean time per level.
                   A        B        C        D        E       F      G
               +--------+--------+--------+--------+--------+-----+--------+
         Total |   1572 |   1504 |     68 |      0 |   1354 |   2 |  786.0 |
       Dungeon |   1572 |   1504 |     68 |      0 |   1354 |   2 |  786.0 |
               +--------+--------+--------+--------+--------+-----+--------+

Top non-repeatable levels by time:
     D:1: 1108 daAuts
     D:2: 463 daAuts
